 Dungeon Crawl Stone Soup version 0.29.1-1-gd02db6906a (webtiles) character file.

Game seed: 10768931323394979753

3461 sentinel the Thaumaturge (level 10, -4/69 HPs)
             Began as a Meteoran Earth Elementalist on Sept 25, 2022.
             Was a Believer of Elyvilon.
             Slain by a bullfrog (6 damage)
             ... on level 9 of the Dungeon.
             The game lasted 00:09:14 (1122 turns).

sentinel the Thaumaturge (MeEE)                     Turns: 1122, Time: 00:09:15

Health: -4/69      AC:  2    Str:  9    XL:     10   Next: 51%
Magic:  1/25       EV: 12    Int: 22    God:    Elyvilon [**....]
Gold:   0          SH:  0    Dex: 15    Spells: 23/29 levels left

rFire   . . .      SeeInvis .   n - staff of air {!a}
rCold   . . .      Faith    .   (no shield)
rNeg    . . .      Spirit   .   a - +0 robe
rPois   .          Reflect  .   (no helmet)
rElec   +          Harm     .   (no cloak)
rCorr   .          Rampage  .   (no gloves)
Will    +....                   (no boots)
Stlth   +.........              e - amulet of magic regeneration
HPRegen 0.21/turn               (no ring)
MPRegen 0.59/turn               (no ring)

@: lethally poisoned (-4 -> -5), slowed, glowing, very slow
A: sense surroundings 2, otherworldly, glowing, explore regen
a: Renounce Religion, Purification, Heal Other


You were on level 9 of the Dungeon.
You worshipped Elyvilon.
Elyvilon was pleased with you.
You visited 2 branches of the dungeon, and saw 11 of its levels.

Inventory:

Missiles
 g - 2 boomerangs
 r - 5 silver javelins
Armour
 a - a +0 robe (worn)
Magical Staves
 n - a staff of air (weapon) {!a}
Jewellery
 e - an amulet of magic regeneration (around neck)
 j - a ring of fire
 k - an amulet of faith
Wands
 I - a wand of iceblast (7)
 P - a wand of paralysis (12)
 V - a wand of flame (19)
Scrolls
 h - 3 scrolls of enchant weapon
 i - a scroll of torment
 l - a scroll of enchant armour
 z - 3 scrolls of blinking
Potions
 b - a potion of magic
 d - a potion of might
 m - a potion of resistance {unknown}
 o - a potion of cancellation {unknown}
 p - a potion of degeneration {unknown}
 q - a potion of attraction {unknown}
 w - 4 potions of heal wounds
 M - a potion of mutation


   Skills:
 + Level 4.3 Staves
 - Level 5.0 Throwing
 - Level 2.4 Dodging
 - Level 1.4 Stealth
 + Level 10.0 Spellcasting
 - Level 5.0 Transmutations
 - Level 7.6 Earth Magic
 - Level 7.0 Invocations
 - Level 5.0 Evocations


You had 23 spell levels left.
You knew the following spells:

 Your Spells              Type           Power      Damage    Failure   Level
a - Sandblast             Erth           88%        2d18      1%          1
b - Stone Arrow           Conj/Erth      54%        3d10      3%          3
c - Passwall              Tmut/Erth      31%        N/A       1%          2

Your spell library contained the following spells:

 Spells                   Type           Power      Damage    Failure   Level
 Petrify                  Tmut/Erth      38%        N/A       4%          4
 Foxfire                  Conj/Fire      44%        2x1d6     6%          1
 Static Discharge         Conj/Air       16%        3-5/arc   9%          2
 Conjure Flame            Conj/Fire      11%        6-21      19%         3
 Inner Flame              Hex/Fire       11%        N/A       19%         3
 Dispel Undead            Necr           11%        3d9       52%         4
 Flame Wave               Conj/Fire      11%        2d6       52%         4
 Sticky Flame             Conj/Fire      11%        2d3       52%         4


Dungeon Overview and Level Annotations

Branches:
Dungeon (10/15) Zot: 4863  Temple (1/1) D:5 Zot: 560    Lair (0/5) D:9
    Orc: D:9-12

Altars:
Ashenzari
Dithmenos
Elyvilon
Fedhas
Gozag
Hepliaklqana
Kikubaaqudgha
Makhleb
Nemelex Xobeh
Okawaru
Qazlal
Ru
Sif Muna
Trog
Uskayaw
Vehumet
Xom
Yredelemnul
Zin
The Shining One

Shops:
D:4 =


Innate Abilities, Weirdness & Mutations

You passively map the area around you.
You are easily found by Zot.
You glow in the dark.
You regain HP and MP as you explore.


Message History

The bullfrog hits the plant!
The bullfrog hits the fungus.
Casting: Stone Arrow (dangerous; 4% risk of failure)
Confirm with . or Enter, or press ? or * to list all spells.
Aiming: Stone Arrow (dangerous; 4% risk of failure)
Press: ? - help, Shift-Dir - straight line, f/p - black bear
Aim: a black bear (heavily wounded, 79% to hit)
The stone arrow hits the black bear!
The black bear is almost dead.
A nearby fungus withers and dies.
The water moccasin bites the fungus.
The fungus begins to die.
The bullfrog is engulfed in poison gas.
The bullfrog looks even sicker.
The bullfrog hits the plant!
The black bear goes berserk!
Casting: Stone Arrow (dangerous; 4% risk of failure)
Confirm with . or Enter, or press ? or * to list all spells.
Aiming: Stone Arrow (dangerous; 4% risk of failure)
Press: ? - help, Shift-Dir - straight line, f/p - black bear
Aim: a black bear (almost dead, berserk, 79% to hit)
The stone arrow hits the black bear!
You kill the black bear!
A nearby fungus withers and dies.
A nearby plant withers and dies. x2
The water moccasin bites the fungus!
The bullfrog is engulfed in poison gas.
The bullfrog looks even sicker.
The bullfrog hits you.
The bullfrog completely misses the plant.
Something gores the plant.
The plant begins to die.
The bullfrog hits the plant.
The plant begins to die.
The water moccasin bites the fungus.
The fungus begins to die.
The bullfrog is engulfed in poison gas.
The bullfrog looks as sick as possible!
The bullfrog hits you!
Casting: Stone Arrow (dangerous; 3% risk of failure)
Confirm with . or Enter, or press ? or * to list all spells.
Aiming: Stone Arrow (dangerous; 3% risk of failure)
Press: ? - help, Shift-Dir - straight line, f - bullfrog
Aim: a bullfrog (poison gas, severely wounded, extremely poisoned, 64% to hit)
The stone arrow hits the bullfrog!
You kill the bullfrog!
The bullfrog completely misses the fungus.
The wraith hits you. The wraith drains your vigour!
You feel yourself slow down.
Training target 7.0 for Invocations reached!
Your Invocations skill increases to level 7!
Casting: Stone Arrow (dangerous; 3% risk of failure)
Confirm with . or Enter, or press ? or * to list all spells.
Aiming: Stone Arrow (dangerous; 3% risk of failure)
Press: ? - help, Shift-Dir - straight line, f - wraith
Aim: a wraith (71% to hit)
The stone arrow misses the wraith.
The yak bellows!
A nearby plant withers and dies. x3; The bullfrog is engulfed in poison gas.
The bullfrog is poisoned.
The wraith hits you. The wraith drains your vigour!
You feel as though you will be slow longer.
The bullfrog is engulfed in poison gas.
The bullfrog looks even sicker.
Casting: Stone Arrow (dangerous; 3% risk of failure)
Confirm with . or Enter, or press ? or * to list all spells.
Aiming: Stone Arrow (dangerous; 3% risk of failure)
Press: ? - help, Shift-Dir - straight line, f/p - wraith
Aim: a wraith (71% to hit)
The stone arrow hits the wraith!
The wraith is heavily damaged.
A nearby fungus withers and dies.
A nearby plant withers and dies. x2
A nearby fungus withers and dies. x2; The bullfrog hits the fungus.
The fungus begins to die.
The water moccasin bites you!
You are poisoned.
The water moccasin poisons you! The wraith hits you.
The bullfrog hits the fungus!
The water moccasin bites you! The water moccasin barely misses you.
The wraith barely misses you.
The yak is engulfed in poison gas.
The yak is poisoned.
The bullfrog completely misses the fungus.
Casting: Stone Arrow (dangerous; 3% risk of failure)
Confirm with . or Enter, or press ? or * to list all spells.
Aiming: Stone Arrow (dangerous; 3% risk of failure)
Press: ? - help, Shift-Dir - straight line, f/p - wraith
Aim: a wraith (heavily damaged, 71% to hit)
The stone arrow hits the wraith!
The wraith is severely damaged.
You feel very sick.
A nearby plant withers and dies.
The water moccasin barely misses you. The water moccasin bites you.
The bullfrog completely misses the fungus.
The water moccasin misses you. The water moccasin barely misses you.
The wraith barely misses you.
The yak is engulfed in poison gas.
The yak looks even sicker.
The bullfrog hits the fungus!
You feel purified! The water moccasin bites you.
The water moccasin bites you but does no damage.
The bullfrog hits the fungus.
The wraith hits you!
* * * LOW HITPOINT WARNING * * *
The wraith drains your vigour!
You feel yourself slow down. The water moccasin bites you.
* * * LOW HITPOINT WARNING * * *
You are poisoned.
The water moccasin poisons you! The water moccasin bites you.
* * * LOW HITPOINT WARNING * * *
The bullfrog hits the fungus.
The wraith hits you.
* * * LOW HITPOINT WARNING * * *
The wraith drains your vigour!
You feel as though you will be slow longer.
The water moccasin bites you.
* * * LOW HITPOINT WARNING * * *
The water moccasin bites you. Elyvilon protects you from harm!
HP warning!
You are healed.
You feel very sick.
A nearby fungus withers and dies.
The water moccasin barely misses you. x2
The bullfrog hits the plant!
The plant begins to die.
The wraith barely misses you.
The yak is engulfed in poison gas.
The yak looks even sicker.
The yak gores the plant.
The water moccasin misses you. x2
Okay, then.
As you read the scroll of fear, it crumbles to dust.
You assume a fearsome visage.
The wraith is unaffected.
The yak looks frightened!
The bullfrog looks frightened!
The water moccasin looks frightened! x2; The bullfrog looks frightened!
You feel very sick. The wraith hits you!
* * * LOW HITPOINT WARNING * * *
The yak is engulfed in poison gas.
The yak looks as sick as possible!
The bullfrog hits the plant.
The plant begins to die.
The bullfrog hits the plant.
The wraith hits you!
* * * LOW HITPOINT WARNING * * *
The wraith drains your vigour!
You feel as though you will be slow longer.
The bullfrog hits the plant!
Cornered, the bullfrog turns to fight!
HP warning!
You are healed.
You can no longer provide healing for yourself.
You feel sick.
The bullfrog hits the plant.
Cornered, the bullfrog turns to fight!
The wraith hits you.
The bullfrog hits the plant.
Okay, then.
Casting: Stone Arrow (dangerous; 3% risk of failure)
Confirm with . or Enter, or press ? or * to list all spells.
Aiming: Stone Arrow (dangerous; 3% risk of failure)
Press: ? - help, Shift-Dir - straight line, f/p - wraith
Aim: a wraith (severely damaged, 71% to hit)
The stone arrow hits the wraith!
You destroy the wraith!
You feel sick.
A nearby plant withers and dies.
The bullfrog looks more healthy.
The bullfrog hits you.
* * * LOW HITPOINT WARNING * * *
The bullfrog hits you.
* * * LOW HITPOINT WARNING * * *
Your Staves skill increases to level 4!
Your Spellcasting skill increases to level 10!
Press: ? - help, Dir - move target, f - bullfrog Heal: a bullfrog (chance to pacify: 85%)
The light of Elyvilon fails to reach the bullfrog.
You feel sick.
A nearby plant withers and dies.
The bullfrog hits you!
* * * LOW HITPOINT WARNING * * *
The bullfrog hits you.
You die...

#.......# ...... ,
#.......# ,.☼)P..
, #.......#
#°P☼... ,
#.......# ....PPP
,
#......<##☼☼.P..P
,
#.......#...P○PPP,
####+####..P.PP.P
, , #.F...P○.P, ,
*, #@○..P.... , *
#.F°..°..P , *
,#.○..P..°P ,, , ,
,


.P.P..PPSY , , , ○☼P.....PP * ,....PP.P○Y., , , ○.°P.PP.P. , S.○.....°.., , , ,
,, , ,, , , , You could see a yak (fleeing, extremely poisoned), 2 water
moccasins and 2 bullfrogs.

Vanquished Creatures
  A two-headed ogre (D:8)
  Pikel (D:8)
  A hornet (D:9)
  Grinder (D:3)
  A wraith (D:9)
  A wyvern (D:6)
  Menkaure (D:7)
  A water moccasin (D:5)
  3 black bears
  2 ice beasts
  An ogre (D:5)
  3 centaurs
  A phantom (D:7)
  2 bullfrogs
  2 scorpions
  2 howler monkeys
  A hound (D:6)
  3 iguanas
  3 orc wizards
  8 gnolls
  5 adders
  A white imp (D:8)
  2 ufetubi (D:5)
  3 worms
  A dart slug (D:2)
  10 orcs
  A bat (D:2)
  2 endoplasms
  3 goblins
  2 hobgoblins
  3 jackals (D:5)
  A quokka (D:4)
  A ball python (D:4)
  3 kobolds (D:4)
  A rat (D:1)
78 creatures vanquished.

Vanquished Creatures (others)
  9 fungi (D:9)
  22 plants
31 creatures vanquished.

Grand Total: 109 creatures vanquished

Notes
Turn   | Place    | Note
-------+----------+-------------------------------------------
     0 | D:1      | sentinel the Meteoran Earth Elementalist began the quest
                  | for the Orb.
     0 | D:1      | Reached XP level 1. HP: 14/14 MP: 5/5
    47 | D:2      | Reached XP level 2. HP: 12/20 MP: 1/6
    58 | D:2      | Found a faded altar of an unknown god.
    58 | D:2      | Noticed a hellion
    66 | D:2      | Prayed at the altar of an unknown god.
    66 | D:2      | Became a worshipper of Elyvilon the Healer
    66 | D:2      | Reached * piety under Elyvilon
   108 | D:3      | Noticed Grinder
   142 | D:3      | Paralysed by Grinder for 5 turns
   163 | D:3      | Paralysed by Grinder for 5 turns
   168 | D:3      | Killed Grinder
   169 | D:3      | Reached XP level 3. HP: 16/26 MP: 1/8
   169 | D:3      | Reached XP level 4. HP: 20/33 MP: 1/9
   169 | D:3      | Reached XP level 5. HP: 23/38 MP: 1/10
   169 | D:3      | Reached XP level 6. HP: 28/45 MP: 1/11
   237 | D:4      | Learned a level 2 spell: Passwall
   241 | D:4      | Learned a level 3 spell: Stone Arrow
   274 | D:4      | Found Juturev's Jewellery Emporium.
   303 | D:5      | Entered Level 5 of the Dungeon
   303 | D:5      | Noticed an ogre
   309 | D:5      | Killed an ogre
   309 | D:5      | Noticed a centaur
   310 | D:5      | Reached skill level 3 in Spellcasting
   310 | D:5      | Reached XP level 7. HP: 50/50 MP: 5/13
   316 | D:5      | Reached skill level 4 in Spellcasting
   356 | D:5      | Reached skill level 5 in Transmutations
   365 | D:6      | Noticed a wyvern
   367 | D:6      | Killed a wyvern
   368 | D:6      | Reached skill level 5 in Spellcasting
   368 | D:6      | Reached XP level 8. HP: 43/57 MP: 8/17
   398 | D:5      | Reached skill level 6 in Spellcasting
   429 | D:4      | Found a hazy altar of Hepliaklqana.
   429 | D:4      | Found a hide-covered altar of Uskayaw.
   435 | D:4      | Reached ** piety under Elyvilon
   435 | D:4      | Found a faded altar of an unknown god.
   437 | D:4      | Found a basalt altar of Yredelemnul.
   438 | D:4      | Found a faded altar of an unknown god.
   518 | D:5      | Reached skill level 1 in Throwing
   518 | D:5      | Reached skill level 1 in Evocations
   631 | D:5      | Found a staircase to the Ecumenical Temple.
   639 | Temple   | Entered the Ecumenical Temple
   741 | D:6      | Reached skill level 7 in Spellcasting
   744 | D:6      | Gained mutation: You passively map the area around you.
                  | [Meteoran growth]
   744 | D:6      | Reached XP level 9. HP: 34/62 MP: 8/20
   796 | D:7      | Noticed Menkaure
   799 | D:7      | Killed Menkaure
   800 | D:7      | Reached skill level 1 in Invocations
   819 | D:7      | Found a sparkling altar of Nemelex Xobeh.
   931 | D:9      | Noticed a hornet
   935 | D:9      | Killed a hornet
   936 | D:9      | Reached skill level 8 in Spellcasting
   947 | D:10     | Entered Level 10 of the Dungeon
   947 | D:10     | Found an iron altar of Okawaru.
   950 | D:10     | Reached skill level 5 in Throwing
   950 | D:10     | Reached skill level 5 in Evocations
   961 | D:9      | Reached *** piety under Elyvilon
   969 | D:8      | Noticed Pikel
   977 | D:8      | Killed Pikel
   978 | D:8      | Reached skill level 5 in Invocations
   978 | D:8      | Reached XP level 10. HP: 8/69 MP: 1/23
  1020 | D:8      | Reached skill level 9 in Spellcasting
  1030 | D:8      | Noticed a two-headed ogre
  1035 | D:8      | Killed a two-headed ogre
  1051 | D:8      | Identified the +5 ring mail "Cenetuxt" {-Tele Rampage Dex-4
                  | Stlth+}
  1104 | D:9      | Found a staircase to the Lair.
  1117 | D:9      | HP: 3/69 [water moccasin (4)]
  1117 | D:9      | Elyvilon protects you from harm!
  1122 | D:9      | Reached skill level 10 in Spellcasting
  1122 | D:9      | HP: 2/69 [bullfrog (8)]
  1122 | D:9      | Slain by a bullfrog

Illustrated notes

Levels and vault maps discovered:
D:1:      dpeg_arrival_subterranean_lakeside_camping, layout_loops_ring
D:2:      layout_rooms, dreamdust_ecumenical_altar_sealed_demon
D:3:      layout_basic, minmay_misc_feat_roman, uniq_jessica, uniq_natasha,
          uniq_grinder
D:4:      layout_basic, chequers_temple_overflow_minitemple,
          eino_small_chamber_without_monster, wad_floor_pattern_1,
          nicolae_inconvenience_store
D:5:      layout_basic, minmay_temple_entry_gardened_gates
D:6:      layout_rooms
D:7:      layout_basic, nemelex_diamond_rough_becter, chei_slow_surprise,
          uniq_menkaure, uniq_maggie
D:8:      layout_basic, uniq_pikel
D:9:      layout_roguey, due_lair_maze_entry_diamond
D:10:     layout_basic, mainiacjoe_overflow_catwalk_spiral, david_orc_4,
          uniq_joseph, uniq_nergalle, uniq_maurice
Temple:   hellmonk_temple_of_storms

Skill      XL: |  1  2  3  4  5  6  7  8  9 10 |
---------------+-------------------------------+-----
Earth Magic    | 4 7 |  7.6
Transmutations | 3 5 |  5.0
Spellcasting   | 3 5 7 8 10 | 10.0
Throwing       | 3 5 |  5.0
Evocations     | 3 5 |  5.0
Invocations    | 5 7 |  7.0
Staves         | 4 |  4.3
Dodging        | |  2.4
Stealth        | |  1.4

Action                   |  1- 3 |  4- 6 |  7- 9 | 10-12 || total
-------------------------+-------+-------+-------+-------++-------
 Cast: Sandblast         |    19 |    20 |    48 |     9 ||    96
       Stone Arrow       |       |     2 |    43 |    18 ||    63
       Passwall          |       |     2 |    21 |     4 ||    27
Invok: Heal Self         |       |       |       |     2 ||     2
       Purification      |       |       |       |     1 ||     1
       Heal Other        |       |       |       |     1 ||     1
  Use: Scroll            |       |       |    10 |     4 ||    14
Armor: Robe              |     1 |     2 |     3 |     3 ||     9
Dodge: Dodged            |     3 |     4 |    27 |    17 ||    51
